AoeStats
← jantotu

Arabia

509926536Analyzed
1v1 RM · 4d ago on Sep 28, 2026· 51m 33s· 2 players
Game mode
Random Map
Map size
Tiny (2 player)
Population
200
Speed
Normal
Resources
Standard
Victory
Conquest
Starting age
Dark Age
Ending age
Imperial Age
RankedLock teamsTeams togetherTeam positionsShared explorationLock speedFull tech treeHidden civsTurbo modeCheats
Victory
Defeat
🇧🇷 Dravidians · Brazil
1270
+18
🇨🇭 Romans · Switzerland
1307
-18
jantotu
7:47 Loom
10:15 Feudal Age
10:47 Double-Bit Axe
16:52 Fletching
17:49 Padded Archer Armor
24:37 Castle Age
23:06 Bloodlines
23:34 Scale Barding Armor
23:25 Horse Collar
25:13 Bodkin Arrow
24:44 Elite Skirmisher
26:23 Bow Saw
33:58 Wheelbarrow
33:31 Pikeman
37:11 Leather Archer Armor
38:01 Hand Cart
41:56 Imperial Age
38:53 Man-at-Arms
40:36 Scale Mail Armor
40:46 Forging
40:42 Town Watch
41:35 Gold Mining
42:15 Ballistics
41:25 Long Swordsman
43:12 Comitatenses
44:02 Legionary
45:21 Iron Casting
46:23 Chain Mail Armor
T0P_Obelisk
6:29 Loom
6:32 Loom
9:22 Feudal Age
17:16 Fletching
19:53 Padded Archer Armor
24:41 Castle Age
23:31 Wheelbarrow
22:59 Double-Bit Axe
24:03 Horse Collar
25:17 Bodkin Arrow
25:33 Bow Saw
24:47 Elite Skirmisher
28:00 Gold Mining
36:54 Leather Archer Armor
36:40 Husbandry
38:14 Scale Barding Armor
41:10 Imperial Age
39:09 Ballistics
40:25 Scale Barding Armor
40:32 Forging
41:59 Hand Cart
41:30 Town Watch
41:21 Elite Elephant Archer
42:08 Bracer
43:13 Chemistry
46:43 Chain Barding Armor
46:55 Ring Archer Armor
47:18 Iron Casting
49:25 Town Patrol
51:04 Blast Furnace
51:36 Conscription
51:28 Medical Corps
Connection lost

Rejoining the realm…

Still unreachable

The connection could not be restored.

Session expired

The server has moved on; the page needs a fresh start.